 Dungeon Crawl Stone Soup version 0.29-a0-72-g1732ff48e7 (webtiles) character file.

Game seed: 226618079907440389

46580 HallandMoats the Fighter (level 14, -9/77 HPs)
             Began as a Vine Stalker Fighter on Feb 3, 2022.
             Was the Champion of Okawaru.
             Killed from afar by an oklob plant (20 damage)
             ... with a splash of acid
             ... on level 4 of the Lair of Beasts.
             The game lasted 00:38:23 (16297 turns).

HallandMoats the Fighter (Vine Stalker Fighter)    Turns: 16297, Time: 00:38:23

Health: -9/77      AC:  6    Str: 23    XL:     14   Next: 38%
Magic:  0/25       EV: 18    Int:  8    God:    Okawaru [******]
Gold:   575        SH: 10    Dex: 15    Spells: 15/27 levels left

rFire   . . .      SeeInvis .   b - +0 demon blade (venom)
rCold   . . .      Faith    .   c - +0 buckler
rNeg    . . .      Spirit   +   Q - +1 robe of Vines {NoPotionHeal Regen++++}
rPois   .          Reflect  +   w - +0 helmet
rElec   .          Harm     .   n - +0 cloak
rCorr   .          Rampage  .   (no gloves)
Will    +....                   (no boots)
Stlth   ++........              y - amulet of reflection
HPRegen 4.22/turn               L - ring of Bucoin {Fly EV+4 Stlth+}
MPRegen 0.19/turn               A - +4 ring of slaying

@: flying
A: fangs 3, regeneration 1, magic shield, antimagic bite, no potion heal 2
a: Renounce Religion, Heroism, Finesse, Duel


You were on level 4 of the Lair of Beasts.
You worshipped Okawaru.
Okawaru was exalted by your worship.
You visited 3 branches of the dungeon, and saw 18 of its levels.
You visited the Abyss 1 time.

You collected 1055 gold pieces.
You spent 480 gold pieces at shops.

Inventory:

Hand Weapons
 a - a +0 vampiric trident
 b - a +0 demon blade of venom (weapon)
 j - a +3 scimitar of flaming
 K - a +2 trident of venom
Missiles
 B - 2 throwing nets (quivered)
Armour
 c - a +0 buckler (worn)
 h - +1 pearl dragon scales
 k - the +4 moon troll leather armour {Spirit, Regen++ MP+5}
   (Okawaru gifted it to you on level 11 of the Dungeon)

   MP:        It affects your magic capacity (+5).
   Regen:     It increases your rate of health regeneration.
 n - a +0 cloak (worn)
 w - a +0 helmet (worn)
 D - a +2 chain mail of cold resistance
 Q - the +1 robe of Vines (worn) {NoPotionHeal Regen++++}
   (You found it on level 3 of the Lair of Beasts)

   Its wearer cannot be healed by potions.
   Regen:     It increases your rate of health regeneration.
Jewellery
 f - a ring of poison resistance
 i - a ring of magical power
 m - a ring of magical power
 p - a ring of ice
 r - a ring of see invisible
 y - an amulet of reflection (around neck)
 A - a +4 ring of slaying (right hand)
 C - a ring of positive energy
 L - the ring of Bucoin (left hand) {Fly EV+4 Stlth+}
   (You acquired it on level 4 of the Lair of Beasts)

   [ring of evasion]

   EV:        It affects your evasion (+4).
   Fly:       It grants you flight.
   Stlth:     It makes you more stealthy.
 M - a +6 ring of strength
Wands
 N - a wand of paralysis (3)
Scrolls
 e - 3 scrolls of enchant weapon
 s - 4 scrolls of enchant armour
 t - 2 scrolls of immolation
 E - 2 scrolls of amnesia
 F - 3 scrolls of fear
 G - 4 scrolls of teleportation
 H - a scroll of fog
 J - a scroll of magic mapping
 O - 4 scrolls of identify
Potions
 d - 9 potions of might
 g - a potion of magic
 l - 5 potions of lignification
 o - 2 potions of attraction
 q - a potion of brilliance
 u - a potion of cancellation
 v - 6 potions of curing
 x - 4 potions of berserk rage
 z - a potion of mutation
 I - a potion of ambrosia


   Skills:
 * Level 10.0 Fighting
 * Level 6.7 Long Blades
 + Level 8.6 Polearms
 + Level 6.7 Armour
 + Level 6.1 Dodging
 - Level 5.4 Shields
 * Level 7.2 Spellcasting
 - Level 7.2 Necromancy
 * Level 7.4 Transmutations
 * Level 0.5 Air Magic
 + Level 9.0 Invocations


You had 15 spell levels left.
You knew the following spells:

 Your Spells              Type           Power      Damage    Failure   Level
a - Wereblood             Tmut           14%        N/A       1%          2
b - Vampiric Draining     Necr           14%        2d7       4%          3
c - Swiftness             Air            3%         N/A       54%         3
d - Airstrike             Air            1%         N/A       91%         4

Your spell library contained the following spells:

 Spells                   Type           Power      Damage    Failure   Level
 Beastly Appendage        Tmut           28%        N/A       1%          1
 Pain                     Necr           56%        1d6       1%          1
 Corpse Rot               Necr/Air       18%        N/A       9%          2
 Spider Form              Tmut/Pois      8%         N/A       17%         3
 Shock                    Conj/Air       12%        1d3       24%         1
 Freeze                   Ice            8%         1d3       26%         1
 Magic Dart               Conj           8%         1d3       26%         1
 Poisonous Vapours        Pois/Air       6%         N/A       34%         2
 Searing Ray              Conj           4%         2d4       38%         2
 Ice Form                 Ice/Tmut       8%         N/A       50%         4
 Frozen Ramparts          Ice            4%         1d2       63%         3
 Ozocubu's Armour         Ice            2%         N/A       63%         3
 Portal Projectile        Hex/Tloc       4%         N/A       63%         3
 Fulminant Prism          Conj/Hex       1%         3d6       95%         4
 Hailstorm                Conj/Ice       2%         3d3       95%         4
 Leda's Liquefaction      Hex/Erth       1%         N/A       95%         4
 Ozocubu's Refrigeration  Ice            1%         4d5       100%        7
 Animate Skeleton         Necr           Unusable   N/A       N/A         1
 Call Canine Familiar     Summ           Unusable   N/A       N/A         3
 Summon Ice Beast         Ice/Summ       Unusable   N/A       N/A         4

Dungeon Overview and Level Annotations

Branches:
Dungeon (13/15)            Temple (1/1) D:6            Lair (4/6) D:10
  Swamp (0/4) Lair:2       Spider (0/4) Lair:2          Orc (0/2) D:11
 Vaults: D:13-14

Altars:
Ashenzari
Cheibriados
Dithmenos
Elyvilon
Fedhas
Gozag
Hepliaklqana
Kikubaaqudgha
Makhleb
Nemelex Xobeh
Okawaru
Qazlal
Ru
Sif Muna
Trog
Uskayaw
Vehumet
Xom
Yredelemnul
The Shining One

Shops:
D:1 =   D:7 *   D:11 =

Portals:
Trove: D:12 (show slimy rune of Zot)

Annotations:
Lair:4 exclusion: oklob plant


Innate Abilities, Weirdness & Mutations

You have razor-sharp teeth.
Your natural rate of healing is unusually fast.
When hurt, damage is shared between your health and your magic reserves.
Your bite disrupts and absorbs the magic of your enemies.
Potions cannot restore your health.


Message History

The splash of acid hits you!!
You hit the oklob plant.
The oklob plant is almost destroyed.
The oklob plant spits acid at you. The splash of acid hits you!!
The acid corrodes you!
You slash the oklob plant!
You destroy the oklob plant!
Okawaru accepts your kill.
You hit the oklob plant but do no damage.
You bite the oklob plant, but do no damage.
You hit the oklob plant.
The oklob plant is poisoned.
You bite the oklob plant, but do no damage.
The oklob plant is lightly damaged.
The oklob plant spits acid at you. The splash of acid hits you!!
The acid corrodes you!
You slash the oklob plant!
You bite the oklob plant, but do no damage.
The oklob plant is moderately damaged.
The oklob plant spits acid at you. The splash of acid hits you!!
* * * LOW HITPOINT WARNING * * *
The acid corrodes you!
You hit the oklob plant but do no damage.
You bite the oklob plant, but do no damage.
The oklob plant is moderately damaged.
You hit the oklob plant.
The oklob plant is heavily damaged.
You hit the oklob plant but do no damage.
The oklob plant looks as sick as possible!
The oklob plant is heavily damaged.
The oklob plant spits acid at you. The splash of acid hits you!!
* * * LOW HITPOINT WARNING * * *
The acid corrodes you!
Your magical effects are unravelling.
You feel magically purged.
You are no longer corroded.
The oklob plant spits acid at you. The splash of acid hits you!!
You die...

,*,,,,,,,*,,,≈≈##≈≈≈≈≈....#.##.#.
*,,,,,,,,.#.≈≈≈≈≈≈≈≈≈...##....#..
,,*,,,,*,....≈≈≈≈≈≈≈≈P..##.#.....
*,,,,,,,*...P≈≈≈≈≈≈≈≈............
,,,,,,,,,....≈≈≈≈≈≈≈≈≈...........
≈,,,≈,≈,≈...≈≈≈≈≈##≈≈............
≈*≈≈≈≈≈≈≈≈≈≈≈≈≈≈≈##≈≈####...†....
≈*≈≈≈≈≈≈≈≈≈≈≈≈≈≈≈≈≈≈###..........
≈*≈≈≈≈**≈≈≈≈≈≈≈?@≈≈≈###.....#.P##
≈*≈≈≈≈**≈≈≈≈≈≈≈P/≈≈≈##..##.#####*
≈*≈≈≈≈≈≈≈≈≈≈##≈≈≈≈≈≈###)#### **,
≈*≈≈≈≈≈≈≈≈≈≈*#≈≈≈≈≈≈≈##(# **,,
**≈≈≈≈≈≈≈≈≈≈≈≈≈≈≈≈≈####.### *,,,
,*≈≈≈≈≈≈≈≈≈≈≈≈#≈##≈# ##...# **,,
,≈,≈,,,≈,P.≈.###*#####..†P## *,,
,,,,,,,,,....########.#....## *,,
,,,,,,,,,....#..............#**,,


You could see an oklob plant (extremely poisoned).

Vanquished Creatures
  Jorgrun (D:12)
  A slime creature (D:12)
  Erolcha (D:10)
  Fannar (D:11)
  7 hydras
  A boulder beetle (Lair:2)
  Harold (D:10)
  A death knight (D:12)
  5 death yaks (Lair:2)
  4 two-headed ogres
  Sonja (Lair:2)
  A phantasmal warrior (D:12)
  A deep elf pyromancer (D:12)
  3 cyclopes
  3 ugly things
  2 oklob plants
  A manticore (D:10)
  A black mamba (Lair:1)
  Joseph (Lair:1)
  A rime drake (Lair:2)
  3 torpor snails (Lair:4)
  7 cane toads
  An unseen horror (D:11)
  A yaktaur (shapeshifter) (D:10)
  A kobold demonologist (D:9)
  An efreet (D:10)
  2 freezing wraiths (D:12)
  2 komodo dragons (Lair:1)
  2 meliai (Lair:4)
  3 trolls
  A tyrant leech (Lair:2)
  A hornet (D:9)
  12 blink frogs
  Sigmund (D:2)
  A culicivora (Lair:2)
  4 wraiths
  A wyvern (D:10)
  40 yaks
  3 basilisks
  3 steam dragons
  A harpy simulacrum (Abyss:2)
  3 swamp worms
  An acid dragon (D:11)
  Duvessa (D:5)
  16 water moccasins
  4 orc warriors
  A hornet zombie (D:8)
  4 sky beasts
  2 ice beasts
  A swamp drake (D:11)
  3 black bears
  4 necrophages
  3 ogres
  2 wolves
  A centaur (D:9)
  2 phantoms
  18 kobold brigands
  8 bullfrogs
  8 scorpions
  2 wyvern zombies
  A water moccasin zombie (D:5)
  Dowan (D:5)
  23 killer bees
  4 wights
  3 howler monkeys
  6 centaur zombies
  A bullfrog zombie (D:6)
  5 hounds
  4 jellies
  3 orc priests
  2 centaur skeletons
  A bullfrog skeleton (D:6)
  2 gnoll shamans
  4 iguanas
  2 orc wizards (D:11)
  7 hell rats (Lair:2)
  3 howler monkey zombies
  Robin (D:4)
  8 gnolls
  7 adders
  A shadow imp (D:6)
  A white imp (D:7)
  2 ufetubi (D:6)
  2 worms (D:2)
  11 dart slugs
  The ghost of elisander the Sneak, a weakling SpDe (D:4)
  25 orcs
  9 ball pythons
  8 bats
  4 endoplasms
  3 giant cockroaches
  12 hobgoblins
  11 jackals
  5 quokkas
  4 frilled lizards
  21 goblins
  26 kobolds
  6 rats
453 creatures vanquished.

Vanquished Creatures (others)
  An orc wizard (D:11)
  An orc (D:12)
  50 fungi
  42 plants
94 creatures vanquished.

Grand Total: 547 creatures vanquished

Notes
Turn   | Place    | Note
-------+----------+-------------------------------------------
     0 | D:1      | HallandMoats the Vine Stalker Fighter began the quest for
                  | the Orb.
     0 | D:1      | Reached XP level 1. HP: 11/11 MP: 2/2
   347 | D:1      | Reached XP level 2. HP: 16/16 MP: 3/3
   589 | D:1      | Reached skill level 1 in Invocations
   616 | D:1      | Reached XP level 3. HP: 4/19 MP: 4/4
   998 | D:1      | Found Kaarathra's Jewellery Shoppe.
  1102 | D:1      | Found a faded altar of an unknown god.
  1433 | D:2      | Reached skill level 3 in Fighting
  1585 | D:2      | Noticed Sigmund
  1592 | D:2      | Killed Sigmund
  1593 | D:2      | Reached skill level 1 in Dodging
  1593 | D:2      | Gained mutation: Your natural rate of healing is unusually
                  | fast. [Vine Stalker growth]
  1593 | D:2      | Reached XP level 4. HP: 24/24 MP: 6/6
  1593 | D:2      | Reached XP level 5. HP: 28/28 MP: 7/7
  1620 | D:2      | Reached XP level 6. HP: 32/32 MP: 8/8
  2755 | D:3      | Found an ancient bone altar of Kikubaaqudgha.
  3008 | D:4      | Noticed elisander's ghost (weakling SpDe)
  3009 | D:4      | Found a runed translucent gate.
  3009 | D:4      | Found a runed translucent gate.
  3009 | D:4      | Found a runed translucent gate.
  3150 | D:4      | Reached skill level 4 in Fighting
  3150 | D:4      | Reached XP level 7. HP: 37/37 MP: 10/10
  3471 | D:4      | Noticed Robin
  3495 | D:4      | Killed Robin
  4186 | D:4      | Killed elisander's ghost
  4253 | D:5      | Entered Level 5 of the Dungeon
  4253 | D:5      | Noticed a steam dragon
  4297 | D:5      | Noticed Duvessa
  4297 | D:5      | Noticed Dowan
  4303 | D:5      | Noticed a yak
  4304 | D:5      | Noticed a yak
  4306 | D:5      | Noticed a yak
  4340 | D:4      | Killed a yak
  4341 | D:4      | Gained mutation: You have razor-sharp teeth. [Vine Stalker
                  | growth]
  4341 | D:4      | Reached XP level 8. HP: 37/42 MP: 11/11
  4351 | D:5      | Killed Duvessa
  4352 | D:5      | Noticed a yak
  4353 | D:5      | Killed Dowan
  4382 | D:4      | Killed a yak
  4383 | D:4      | Reached skill level 5 in Fighting
  4403 | D:4      | Killed a yak
  4510 | D:4      | Killed a yak
  4537 | D:5      | Reached skill level 5 in Polearms
  4537 | D:5      | Reached skill level 5 in Invocations
  4537 | D:5      | Reached XP level 9. HP: 47/47 MP: 13/13
  5044 | D:5      | Reached skill level 6 in Fighting
  5515 | D:6      | Found a staircase to the Ecumenical Temple.
  5521 | Temple   | Entered the Ecumenical Temple
  5814 | Temple   | Became a worshipper of Warmaster Okawaru
  5870 | D:6      | Noticed a troll
  5879 | Temple   | Killed a troll
  6020 | D:6      | Reached * piety under Okawaru
  6027 | D:6      | Reached XP level 10. HP: 53/53 MP: 15/15
  6051 | D:6      | Reached skill level 5 in Shields
  6958 | D:7      | Reached skill level 7 in Fighting
  6986 | D:7      | Reached ** piety under Okawaru
  7312 | D:7      | Found a sparkling altar of Nemelex Xobeh.
  7446 | D:7      | Found Ziteaff's CLEARANCE SALE!.
  8106 | D:8      | Reached skill level 5 in Armour
  8575 | D:9      | Noticed a green ugly thing
  8600 | D:9      | Reached skill level 1 in Spellcasting
  8600 | D:9      | Reached skill level 1 in Necromancy
  8600 | D:9      | Reached skill level 1 in Transmutations
  8606 | D:9      | Reached skill level 1 in Long Blades
  8615 | D:9      | Killed a green ugly thing
  8615 | D:9      | Reached *** piety under Okawaru
  8616 | D:9      | Reached XP level 11. HP: 56/58 MP: 17/17
  8957 | D:9      | Reached **** piety under Okawaru
  9127 | D:10     | Entered Level 10 of the Dungeon
  9135 | D:10     | Noticed Erolcha
  9169 | D:10     | Cast into level 1 of the Abyss (Erolcha)
  9363 | Abyss:2  | Noticed a large abomination
  9527 | Abyss:2  | Noticed a wretched star
  9544 | Abyss:2  | Noticed a large abomination
  9599 | D:10     | Escaped the Abyss
  9614 | D:10     | Killed Erolcha
  9663 | D:10     | Reached skill level 8 in Fighting
  9963 | D:10     | Noticed Harold
  9980 | D:10     | Killed Harold
  9980 | D:10     | Reached ***** piety under Okawaru
 10115 | D:10     | Found a staircase to the Lair.
 10132 | D:10     | Noticed a manticore
 10133 | D:10     | Noticed a two-headed ogre
 10139 | D:10     | Noticed a two-headed ogre
 10152 | D:10     | Killed a manticore
 10153 | D:10     | Reached XP level 12. HP: 18/65 MP: 8/18
 10180 | D:10     | Killed a two-headed ogre
 10204 | D:10     | Killed a two-headed ogre
 10715 | D:11     | Found Hyfroy Geges's Jewellery Emporium.
 10816 | D:11     | Found a staircase to the Orcish Mines.
 10956 | D:11     | Bought an amulet of reflection for 480 gold pieces
 11157 | D:11     | Reached skill level 5 in Dodging
 11227 | D:11     | Noticed a two-headed ogre
 11235 | D:11     | Killed a two-headed ogre
 11235 | D:11     | Received a gift from Okawaru
 11236 | D:11     | Found the +4 moon troll leather armour {Spirit, Regen++
                  | MP+5}
 11730 | D:12     | Noticed a two-headed ogre
 11739 | D:12     | Killed a two-headed ogre
 11739 | D:12     | Noticed Fannar
 11767 | D:12     | Found a portal to a secret trove of treasure.
 11889 | D:12     | Reached skill level 5 in Transmutations
 11893 | D:12     | Reached skill level 5 in Spellcasting
 11934 | D:12     | Reached skill level 5 in Necromancy
 12090 | D:12     | Noticed a death knight
 12116 | D:12     | Killed a death knight
 12117 | D:12     | Reached skill level 9 in Fighting
 12384 | D:11     | Reached skill level 5 in Long Blades
 12384 | D:11     | Reached XP level 13. HP: 52/70 MP: 20/22
 12411 | D:11     | Killed Fannar
 12602 | D:12     | Noticed Jorgrun
 12637 | D:12     | Killed Jorgrun
 13195 | Lair:1   | Entered Level 1 of the Lair of Beasts
 13487 | Lair:1   | Received a gift from Okawaru
 13511 | Lair:1   | Noticed Joseph
 13523 | Lair:1   | Killed Joseph
 13733 | Lair:1   | Learned a level 2 spell: Wereblood
 14169 | Lair:2   | Learned a level 3 spell: Vampiric Draining
 14180 | Lair:2   | Noticed Sonja
 14222 | Lair:2   | Identified the +0 scale mail of the Cockroach {rN+}
                  | (Okawaru gifted it to you on level 2 of the Lair of Beasts)
 14222 | Lair:2   | Received a gift from Okawaru
 14222 | Lair:2   | Reached ****** piety under Okawaru
 14233 | Lair:2   | Killed Sonja
 14676 | Lair:2   | Reached XP level 14. HP: 56/76 MP: 25/25
 14757 | Lair:2   | Found a hole to the Spider Nest.
 14972 | Lair:2   | Found a staircase to the Swamp.
 15494 | Lair:3   | Found the +1 robe of Vines {NoPotionHeal Regen++++}
 15740 | Lair:3   | Reached skill level 10 in Fighting
 15979 | Lair:4   | Found a snail-covered altar of Cheibriados.
 16134 | Lair:4   | Received a gift from Okawaru
 16176 | Lair:4   | Learned a level 3 spell: Swiftness
 16181 | Lair:4   | Learned a level 4 spell: Airstrike
 16262 | Lair:4   | Identified a scroll of acquirement
 16263 | Lair:4   | Acquired the ring of Bucoin {Fly EV+4 Stlth+}
 16297 | Lair:4   | Killed from afar by an oklob plant

Illustrated notes

Levels and vault maps discovered:
D:1:      amcnicky_arrival_gap_in_the_tavern_cellar, layout_basic, serial_shops,
          shop, hellmonk_ecumenical_altar_inner_sanctum
D:2:      minmay_wonky_spiral, layout_loops_ring, uniq_sigmund
D:3:      cheibrodos_greedy_goblins, layout_loops_ring,
          nicolae_kikubaaqudgha_miasma_corner
D:4:      old_forge, layout_basic, nicolae_overflow_hidden_temple,
          gammafunk_ghost_nasty_kobolds, uniq_robin
D:5:      kennysheep_slugbush, layout_cave_pools, kennysheep_small_spiral,
          minmay_tree_intersection, minmay_fractal_squares_5, uniq_duvessa
D:6:      minmay_angry_zag, layout_cave_pods, minmay_temple_entry_wispy,
          chequers_serial_rivers_micro_e, hex_tiny, nzn_random_ring
D:7:      layout_basic, nemelex_xobeh_ov_fountains_minmay,
          nicolae_shop_clearance
D:8:      layout_basic
D:9:      layout_roguey [special_room_kobold]
D:10:     layout_irregular_city, due_lair_maze_entry_diamond, uniq_harold,
          uniq_erolcha
D:11:     layout_loops_ring, erik_orc_1, serial_shops, nicolae_shop_waterfront
D:12:     layout_loops_ring, enter_trove_0, uniq_fannar, uniq_jorgrun
D:13:     layout_basic, grunt_vaults_entry_fortified, minmay_shattered_shrine
Temple:   dpeg_five_rooms_temple
Lair:1:   layout_hall_layers, beast_lair_carwin_6, uniq_joseph
Lair:2:   layout_misc_corridors, palyth_hydra_swamp_entry,
          hellmonk_spider_entry_life_and_decay, infiniplex_staircase_pool_2,
          uniq_sonja
Lair:3:   layout_loops_ring, hellmonk_guarded_unrand_vines
Lair:4:   regret_index_harrowing_hell_hive, layout_cave_pods,
          gammafunk_ghost_split, kennysheep_snail_temple

Skill      XL: |  1  2  3  4  5  6  7  8  9 10 11 12 13 14 |
---------------+-------------------------------------------+-----
Polearms       | 2 3 4 5 6 7 8 |  8.6
Invocations    | 1 2 3 5 6 7 8 9 |  9.0
Fighting       | 3 4 5 6 7 8 9 10 | 10.0
Dodging        | 1 2 3 4 5 6 |  6.1
Shields        | 3 4 5 |  5.4
Armour         | 3 4 5 6 |  6.7
Spellcasting   | 1 3 5 6 7 |  7.2
Necromancy     | 1 3 5 6 7 |  7.2
Transmutations | 1 3 5 6 7 |  7.4
Long Blades    | 1 3 5 6 |  6.7
Air Magic      | |  0.5

Action                   |  1- 3 |  4- 6 |  7- 9 | 10-12 | 13-15 || total
-------------------------+-------+-------+-------+-------+-------++-------
Melee: Trident           |    97 |    30 |       |    16 |       ||   143
       Bite              |    18 |    24 |   112 |   255 |   174 ||   583
       Demon blade       |       |    83 |   335 |   676 |   378 ||  1472
       Scimitar          |       |       |       |       |    31 ||    31
 Cast: Wereblood         |       |       |       |       |     5 ||     5
Invok: Heroism           |       |       |       |     6 |     3 ||     9
  Use: Potion            |     1 |       |       |     4 |     1 ||     6
       Scroll            |       |       |     9 |    13 |     6 ||    28
 Stab: Confused          |       |       |       |     1 |       ||     1
Armor: Scale mail        |    11 |       |       |       |       ||    11
       Pearl dragon scal |    62 |    56 |   209 |   335 |       ||   662
       Troll leather arm |       |       |       |    38 |    84 ||   122
       Robe              |       |       |       |       |    20 ||    20
Dodge: Dodged            |    67 |    42 |   168 |   534 |   231 ||  1042
Block: Buckler           |    24 |    30 |   117 |   291 |   230 ||   692
       Reflection        |       |       |       |       |     4 ||     4

Table legend: (Time is in decaauts)
 A = Elapsed time spent in this place.
 B = Non-inter-level travel time spent in this place.
 C = Inter-level travel time spent in this place.
 D = Time resting spent in this place.
 E = Time spent auto-exploring this place.
 F = Levels seen in this place.
 G = Mean time per level.
                   A        B        C        D        E       F      G
               +--------+--------+--------+--------+--------+-----+--------+
         Total |  16709 |  15912 |    797 |   1320 |   9865 |  20 |  835.5 |
       Dungeon |  12756 |  12089 |    667 |   1141 |   7429 |  13 |  981.2 |
        Temple |    385 |    306 |     79 |     14 |    248 |   1 |  385.0 |
          Lair |   3134 |   3083 |     51 |     33 |   2188 |   4 |  783.5 |
         Abyss |    432 |    432 |      0 |    132 |      0 |   2 |  216.0 |
               +--------+--------+--------+--------+--------+-----+--------+

Top non-repeatable levels by time:
     D:4: 1571 daAuts
     D:1: 1435 daAuts
    D:12: 1272 daAuts
    D:11: 1229 daAuts
    D:10: 1163 daAuts
     D:6: 1154 daAuts
  Lair:2: 1010 daAuts
  Lair:1: 989 daAuts
     D:5: 985 daAuts
     D:7: 889 daAuts
     D:9: 822 daAuts
     D:2: 811 daAuts
     D:3: 809 daAuts
  Lair:3: 785 daAuts
     D:8: 586 daAuts
